| TOP OF THE 1ST |
|
Albuquerque Isotopes batting - Pitching for New Orleans Zephyrs : RHP Jorge Lopez
|
|
Pitching: RHP Jorge Lopez
|
|
|
Batting: RHB Logan Morgan
|
0-0: Fly out, F8 (Line Drive, 8LM, EV 92.5 MPH)
|
|
Batting: LHB Jason Raker
|
0-0: Foul Ball, location: 2F 0-1: SINGLE (Groundball, 56S, EV 71.2 MPH) (infield hit)
|
|
Batting: SHB Jamel Wright
|
0-0: Foul Ball, location: 2F 0-1: Fly out, F5 (Popup, 25F, EV 83.1 MPH)
|
|
Batting: RHB Adrian Rudkilde
|
0-0: Foul Ball, location: 2F 0-1: Ball 1-1: Foul Ball, location: 2F 1-2: Ball Jason Raker steals 2nd base 2-2: Ball 3-2: Base on Balls
|
|
Batting: LHB Gabe Harvey
|
0-0: Called Strike 0-1: Ball 1-1: Swinging Strike 1-2: Strikes out looking
|
| Top of the 1st over - 0 runs, 1 hit, 0 errors, 2 left on base; Albuquerque 0 - New Orleans 0 |
| BOTTOM OF THE 1ST |
|
New Orleans Zephyrs batting - Pitching for Albuquerque Isotopes : RHP Junzo Yanagisawa
|
|
Pitching: RHP Junzo Yanagisawa
|
|
|
Batting: RHB Rafael Irizarry
|
0-0: Ball 1-0: Ball 2-0: Foul Ball, location: 2F 2-1: Ball 3-1: Foul Ball, location: 2F 3-2: Strikes out swinging
|
|
Batting: SHB Ramon Martinez
|
0-0: Ball 1-0: Called Strike 1-1: Ball 2-1: Swinging Strike 2-2: Foul Ball, location: 2F 2-2: Foul Ball, location: 2F 2-2: Ball 3-2: Base on Balls
|
|
Batting: RHB Manuel Taveras
|
0-0: Foul Ball, location: 2F 0-1: Ball 1-1: Ball 2-1: Swinging Strike 2-2: Strikes out swinging
|
|
Batting: RHB Adam McGurn
|
0-0: Called Strike 0-1: Foul Ball, location: 2F 0-2: Foul Ball, location: 2F 0-2: Foul Ball, location: 2F 0-2: Foul Ball, location: 2F 0-2: Strikes out swinging
|
| Bottom of the 1st over - 0 runs, 0 hits, 0 errors, 1 left on base; Albuquerque 0 - New Orleans 0 |
| TOP OF THE 2ND |
|
Albuquerque Isotopes batting - Pitching for New Orleans Zephyrs : RHP Jorge Lopez
|
|
Batting: RHB Chris King
|
0-0: Ground out 3-1 (Groundball, 34S, EV 91.2 MPH)
|
|
Batting: RHB Sadataka Kuwahara
|
0-0: Called Strike 0-1: Foul Ball, location: 2F 0-2: Strikes out swinging
|
|
Batting: RHB Jerry Sanchez
|
0-0: Ground out 3-1 (Groundball, 34S, EV 90.0 MPH)
|
| Top of the 2nd over - 0 runs, 0 hits, 0 errors, 0 left on base; Albuquerque 0 - New Orleans 0 |
| BOTTOM OF THE 2ND |
|
New Orleans Zephyrs batting - Pitching for Albuquerque Isotopes : RHP Junzo Yanagisawa
|
|
Batting: LHB Eric Bailey
|
0-0: Ball 1-0: Foul Ball, location: 2F 1-1: Ball 2-1: Ball 3-1: Base on Balls
|
|
Batting: RHB Boof Howell
|
0-0: Ball 1-0: Ball Eric Bailey steals 2nd base 2-0: Foul Ball, location: 2F 2-1: Ball 3-1: Foul Ball, location: 2F 3-2: Base on Balls
|
|
Batting: SHB Greg Rivera
|
0-0: Ball 1-0: Ball 2-0: Called Strike 2-1: Swinging Strike 2-2: Strikes out looking
|
|
Batting: RHB Masumitsu Sugiura
|
0-0: Hit by Pitch Eric Bailey to third Boof Howell to second
|
|
Batting: RHB Harrie de Kam
|
0-0: Called Strike 0-1: Foul Ball, location: 2F 0-2: Strikes out looking
|
|
Batting: RHB Rafael Irizarry
|
0-0: Fly out, F8 (Flyball, 8RS, EV 80.0 MPH)
|
| Bottom of the 2nd over - 0 runs, 0 hits, 0 errors, 3 left on base; Albuquerque 0 - New Orleans 0 |
| TOP OF THE 3RD |
|
Albuquerque Isotopes batting - Pitching for New Orleans Zephyrs : RHP Jorge Lopez
|
|
Batting: RHB Vinny Estrada
|
0-0: Ball 1-0: Called Strike 1-1: Ball 2-1: Foul Ball, location: 2F 2-2: Ball 3-2: Strikes out swinging
|
|
Batting: RHB Logan Morgan
|
0-0: Ball 1-0: Fly out, F3 (Line Drive, 3, EV 72.5 MPH)
|
|
Batting: LHB Jason Raker
|
0-0: Called Strike 0-1: Ball 1-1: Ball 2-1: Foul Ball, location: 2F 2-2: Ball 3-2: Ground out 3-1 (Groundball, 34, EV 110.0 MPH)
|
| Top of the 3rd over - 0 runs, 0 hits, 0 errors, 0 left on base; Albuquerque 0 - New Orleans 0 |
| BOTTOM OF THE 3RD |
|
New Orleans Zephyrs batting - Pitching for Albuquerque Isotopes : RHP Junzo Yanagisawa
|
|
Batting: SHB Ramon Martinez
|
0-0: Foul Ball, location: 2F 0-1: Ball 1-1: Foul Ball, location: 2F 1-2: Ball 2-2: Ball 3-2: Foul Ball, location: 2F 3-2: Fly out, F7 (Flyball, 7, EV 86.9 MPH)
|
|
Batting: RHB Manuel Taveras
|
0-0: Foul Ball, location: 2F 0-1: Ball 1-1: Ball 2-1: Foul Ball, location: 2F 2-2: Foul Ball, location: 2F 2-2: Fly out, F7 (Line Drive, 7LM, EV 91.9 MPH)
|
|
Batting: RHB Adam McGurn
|
0-0: Ball 1-0: Foul Ball, location: 2F 1-1: Ball 2-1: Swinging Strike 2-2: Ball 3-2: Base on Balls
|
|
Batting: LHB Eric Bailey
|
0-0: Ball 1-0: Ball 2-0: Called Strike 2-1: Called Strike 2-2: Strikes out swinging
|
| Bottom of the 3rd over - 0 runs, 0 hits, 0 errors, 1 left on base; Albuquerque 0 - New Orleans 0 |
| TOP OF THE 4TH |
|
Albuquerque Isotopes batting - Pitching for New Orleans Zephyrs : RHP Jorge Lopez
|
|
Batting: SHB Jamel Wright
|
0-0: Swinging Strike 0-1: Ball 1-1: Swinging Strike 1-2: Strikes out swinging
|
|
Batting: RHB Adrian Rudkilde
|
0-0: Ball 1-0: Called Strike 1-1: Ball 2-1: Fly out, F3 (Popup, 3SF, EV 85.6 MPH)
|
|
Batting: LHB Gabe Harvey
|
0-0: Ground out 6-3 (Groundball, 6MD, EV 100.0 MPH)
|
| Top of the 4th over - 0 runs, 0 hits, 0 errors, 0 left on base; Albuquerque 0 - New Orleans 0 |
| BOTTOM OF THE 4TH |
|
New Orleans Zephyrs batting - Pitching for Albuquerque Isotopes : RHP Junzo Yanagisawa
|
|
Batting: RHB Boof Howell
|
0-0: SINGLE (Groundball, 6, EV 103.1 MPH)
|
|
Batting: SHB Greg Rivera
|
0-0: Foul Ball, location: 2F 0-1: Foul Ball, location: 2F 0-2: Ball 1-2: Ball 2-2: Strikes out swinging
|
|
Batting: RHB Masumitsu Sugiura
|
0-0: Ball 1-0: Called Strike Boof Howell steals 2nd base 1-1: SINGLE (Groundball, 34D, EV 105.0 MPH) Boof Howell to third Runner from 3rd tries for Home, SAFE, throw by RF to home
|
|
Batting: RHB Harrie de Kam
|
0-0: Ball 1-0: Ball 2-0: Foul Ball, location: 2F 2-1: Called Strike Masumitsu Sugiura steals 2nd, throwing error, E2 Masumitsu Sugiura to third 2-2: Foul Ball, location: 2F 2-2: Fly out, F7 (Line Drive, 78M, EV 105.6 MPH) Runner from 3rd tags up, SCORES, no throw by LF
|
|
Batting: RHB Rafael Irizarry
|
0-0: Called Strike 0-1: SINGLE (Groundball, 4S, EV 59.4 MPH) (infield hit)
|
|
Batting: SHB Ramon Martinez
|
0-0: Ball Rafael Irizarry steals 2nd base 1-0: Called Strike 1-1: Called Strike 1-2: Fly out, F9 (Flyball, 9LSF, EV 85.6 MPH)
|
| Bottom of the 4th over - 2 runs, 3 hits, 1 error, 1 left on base; Albuquerque 0 - New Orleans 2 |
| TOP OF THE 5TH |
|
Albuquerque Isotopes batting - Pitching for New Orleans Zephyrs : RHP Jorge Lopez
|
|
Batting: RHB Chris King
|
0-0: Fly out, F9 (Flyball, 9LM, EV 86.9 MPH)
|
|
Batting: RHB Sadataka Kuwahara
|
0-0: Ball 1-0: Foul Ball, location: 2F 1-1: Ball 2-1: Foul Ball, location: 2F 2-2: Ground out 4-3 (Groundball, 4, EV 108.1 MPH)
|
|
Batting: RHB Jerry Sanchez
|
0-0: Called Strike 0-1: Ball 1-1: Fly out, F8 (Flyball, 8RM, EV 91.2 MPH)
|
| Top of the 5th over - 0 runs, 0 hits, 0 errors, 0 left on base; Albuquerque 0 - New Orleans 2 |
| BOTTOM OF THE 5TH |
|
New Orleans Zephyrs batting - Pitching for Albuquerque Isotopes : RHP Junzo Yanagisawa
|
|
Batting: RHB Manuel Taveras
|
0-0: Called Strike 0-1: Foul Ball, location: 2F 0-2: Ball 1-2: Ground out 6-3 (Groundball, 6M, EV 81.2 MPH)
|
|
Pitching: LHP Matt Wojtkiewicz
|
|
|
Batting: RHB Adam McGurn
|
0-0: Ground out 6-3 (Groundball, 56, EV 81.9 MPH)
|
|
Batting: LHB Eric Bailey
|
0-0: Called Strike 0-1: Ball 1-1: Ball 2-1: Swinging Strike 2-2: Ground out 4-3 (Groundball, 4, EV 85.6 MPH)
|
| Bottom of the 5th over - 0 runs, 0 hits, 0 errors, 0 left on base; Albuquerque 0 - New Orleans 2 |
| TOP OF THE 6TH |
|
Albuquerque Isotopes batting - Pitching for New Orleans Zephyrs : RHP Jorge Lopez
|
|
Batting: RHB Vinny Estrada
|
0-0: Ball 1-0: Ball 2-0: Foul Ball, location: 2F 2-1: Foul Ball, location: 2F 2-2: Foul Ball, location: 2F 2-2: Strikes out looking
|
|
Batting: RHB Logan Morgan
|
0-0: Swinging Strike 0-1: Foul Ball, location: 2F 0-2: Ball 1-2: Foul Ball, location: 2F 1-2: Fly out, F7 (Flyball, 78M, EV 94.4 MPH)
|
|
Batting: LHB Jason Raker
|
0-0: Ball 1-0: Ball 2-0: Ball 3-0: Called Strike 3-1: Called Strike 3-2: Foul Ball, location: 2F 3-2: Foul Ball, location: 2F 3-2: Fly out, F7 (Line Drive, 78D, EV 92.5 MPH)
|
| Top of the 6th over - 0 runs, 0 hits, 0 errors, 0 left on base; Albuquerque 0 - New Orleans 2 |
| BOTTOM OF THE 6TH |
|
New Orleans Zephyrs batting - Pitching for Albuquerque Isotopes : LHP Matt Wojtkiewicz
|
|
Batting: RHB Boof Howell
|
0-0: Ball 1-0: Ball 2-0: DOUBLE (Groundball, 5L, EV 100.0 MPH)
|
|
Batting: SHB Greg Rivera
|
0-0: Ball 1-0: Foul Ball, location: 2F 1-1: Swinging Strike 1-2: Foul Ball, location: 2F 1-2: Ball 2-2: Ball 3-2: Base on Balls
|
|
Batting: RHB Masumitsu Sugiura
|
0-0: Ball 1-0: Swinging Strike 1-1: Grounds into double play, 3-6-3 (Groundball, 34S, EV 86.9 MPH) Boof Howell to third
|
|
Batting: RHB Harrie de Kam
|
0-0: Foul Ball, location: 2F 0-1: Called Strike 0-2: Foul Ball, location: 2F 0-2: Ground out U3 (Groundball, 23, EV 83.1 MPH)
|
| Bottom of the 6th over - 0 runs, 1 hit, 0 errors, 1 left on base; Albuquerque 0 - New Orleans 2 |
| TOP OF THE 7TH |
|
Albuquerque Isotopes batting - Pitching for New Orleans Zephyrs : RHP Jorge Lopez
|
|
Batting: SHB Jamel Wright
|
0-0: Fly out, F2 (Popup, 2LF, EV 80.0 MPH)
|
|
Batting: RHB Adrian Rudkilde
|
0-0: Ball 1-0: SINGLE (Groundball, 15S, EV 65.6 MPH) (infield hit)
|
|
Batting: LHB Gabe Harvey
|
0-0: Called Strike 0-1: DOUBLE (Flyball, 8LXD, EV 96.9 MPH) Adrian Rudkilde to third Runner from 3rd tries for Home, SAFE, no throw by CF
|
|
Batting: RHB Chris King
|
0-0: Foul Ball, location: 2F 0-1: Ground out 6-3 (Groundball, 56D, EV 100.6 MPH)
|
|
Pinch Hitting: SHB D.J. Codd
|
0-0: Called Strike 0-1: Foul Ball, location: 2F 0-2: Ball 1-2: Ball 2-2: Ball 3-2: Foul Ball, location: 2F 3-2: Foul Ball, location: 2F 3-2: Foul Ball, location: 2F 3-2: Base on Balls
|
|
Pitching: LHP Hideo Komatsu
|
|
|
Batting: RHB Jerry Sanchez
|
0-0: Ball 1-0: Called Strike 1-1: Ball 2-1: Fly out, F8 (Flyball, 8RXD, EV 101.9 MPH)
|
| Top of the 7th over - 1 run, 2 hits, 0 errors, 2 left on base; Albuquerque 1 - New Orleans 2 |
| BOTTOM OF THE 7TH |
|
New Orleans Zephyrs batting - Pitching for Albuquerque Isotopes : LHP Matt Wojtkiewicz
|
|
Pitching: RHP Sal Contreras
|
|
|
Now at 2B: Logan Morgan
|
|
|
Now in CF: D.J. Codd
|
|
|
Batting: RHB Rafael Irizarry
|
0-0: Foul Ball, location: 2F 0-1: Ball 1-1: Ball 2-1: Ball 3-1: Foul Ball, location: 2F 3-2: Foul Ball, location: 2F 3-2: Base on Balls
|
|
Batting: SHB Ramon Martinez
|
0-0: Ball Rafael Irizarry is caught stealing 2nd base 2-6 1-0: Called Strike 1-1: Called Strike 1-2: Fly out, F8 (Line Drive, 8RD, EV 104.4 MPH)
|
|
Batting: RHB Manuel Taveras
|
0-0: Called Strike 0-1: Ball 1-1: Foul Ball, location: 2F 1-2: Strikes out swinging
|
| Bottom of the 7th over - 0 runs, 0 hits, 0 errors, 0 left on base; Albuquerque 1 - New Orleans 2 |
| TOP OF THE 8TH |
|
Albuquerque Isotopes batting - Pitching for New Orleans Zephyrs : LHP Hideo Komatsu
|
|
Batting: RHB Vinny Estrada
|
0-0: Called Strike 0-1: Foul Ball, location: 2F 0-2: Strikes out swinging
|
|
Batting: RHB Logan Morgan
|
0-0: Called Strike 0-1: Ball 1-1: Ball 2-1: Ball 3-1: Base on Balls
|
|
Batting: LHB Jason Raker
|
0-0: Ball 1-0: Ball 2-0: SINGLE (Groundball, 6M, EV 109.4 MPH) Logan Morgan to second Runner from 2nd tries for 3rd, SAFE, no throw by CF
|
|
Pitching: RHP Adam Durant
|
|
|
Batting: SHB Jamel Wright
|
0-0: Called Strike 0-1: Ball 1-1: Ball 2-1: Called Strike 2-2: Ball 3-2: Fly out, F5 (Popup, 5SF, EV 78.1 MPH)
|
|
Batting: RHB Adrian Rudkilde
|
0-0: Foul Ball, location: 2F 0-1: Foul Ball, location: 2F 0-2: Ball 1-2: Fielders Choice at 2nd, 6-4 (Groundball, 56D, EV 86.9 MPH)
|
| Top of the 8th over - 0 runs, 1 hit, 0 errors, 2 left on base; Albuquerque 1 - New Orleans 2 |
| BOTTOM OF THE 8TH |
|
New Orleans Zephyrs batting - Pitching for Albuquerque Isotopes : RHP Sal Contreras
|
|
Pitching: RHP Jeff Swomley
|
|
|
Batting: RHB Adam McGurn
|
0-0: Ball 1-0: Called Strike 1-1: Ball 2-1: Foul Ball, location: 2F 2-2: Strikes out swinging
|
|
Batting: LHB Eric Bailey
|
0-0: Ball 1-0: Swinging Strike 1-1: Called Strike 1-2: Strikes out looking
|
|
Batting: RHB Boof Howell
|
0-0: Ball 1-0: Swinging Strike 1-1: Ball 2-1: Ball 3-1: Foul Ball, location: 2F 3-2: Base on Balls
|
|
Batting: SHB Greg Rivera
|
0-0: Foul Ball, location: 2F 0-1: Ball Boof Howell steals 2nd base 1-1: Ball 2-1: Ball 3-1: Foul Ball, location: 2F 3-2: Strikes out swinging
|
| Bottom of the 8th over - 0 runs, 0 hits, 0 errors, 1 left on base; Albuquerque 1 - New Orleans 2 |
| TOP OF THE 9TH |
|
Albuquerque Isotopes batting - Pitching for New Orleans Zephyrs : RHP Adam Durant
|
|
Batting: LHB Gabe Harvey
|
0-0: Ball 1-0: Swinging Strike 1-1: Called Strike 1-2: Foul Ball, location: 2F 1-2: Foul Ball, location: 2F 1-2: Ball 2-2: Fly out, F8 (Flyball, 8LD, EV 88.1 MPH)
|
|
Batting: RHB Chris King
|
0-0: Foul Ball, location: 2F 0-1: Foul Ball, location: 2F 0-2: Ball 1-2: Fly out, F4 (Popup, 34, EV 72.5 MPH)
|
|
Batting: SHB D.J. Codd
|
0-0: Ball 1-0: Ball 2-0: Ball 3-0: Base on Balls
|
|
Batting: RHB Jerry Sanchez
|
0-0: Ball 1-0: Foul Ball, location: 2F 1-1: Ball 2-1: Ball 3-1: SINGLE (Groundball, 6S, EV 71.2 MPH) (infield hit) D.J. Codd to second
|
|
Batting: RHB Vinny Estrada
|
0-0: Ball 1-0: Foul Ball, location: 2F 1-1: Called Strike 1-2: Ball 2-2: Strikes out swinging
|
| Top of the 9th over - 0 runs, 1 hit, 0 errors, 2 left on base; Albuquerque 1 - New Orleans 2 |
|